 Dungeon Crawl Stone Soup version 0.18-a0-1292-ge8ad84c (webtiles) character file.

46 Duffy the Insei (level 3, -2/23 HPs)
             Began as a Tengu Monk on Feb 9, 2016.
             Killed from afar by Sigmund (10 damage)
             ... with a puff of flame
             ... on level 2 of the Dungeon.
             The game lasted 00:01:38 (1560 turns).

Duffy the Insei (Tengu Monk)                        Turns: 1560, Time: 00:01:38

Health: -2/23      AC:  0    Str: 11    XL:     3   Next: 66%
Magic:  4/4        EV: 16    Int: 10    God:
Gold:   99         SH:  0    Dex: 17    Spells: 0 memorised, 2 levels left

rFire  . . .     SeeInvis .       - Unarmed
rCold  . . .     Gourm    .     (armour currently unavailable)
rNeg   . . .     Faith    .     (shield currently unavailable)
rPois  .         Spirit   .     (helmet currently unavailable)
rElec  .         Dismiss  .     (cloak currently unavailable)
rCorr  .         Reflect  .     (gloves currently unavailable)
SustAt .         Harm     .     (boots unavailable)
MR     .....                    (no amulet)
Stlth  ++........               (ring currently unavailable)
                                (ring currently unavailable)

@: pig-form, very quick, not resistant to hostile enchantments, unstealthy
A: (beak), (talons 0)
a: no special abilities


You were on level 2 of the Dungeon.
You were not hungry.
You were a filthy swine.
You visited 1 branch of the dungeon, and saw 2 of its levels.

You collected 99 gold pieces.


Innate Abilities, Weirdness & Mutations

((You have a beak for a mouth.))
((You have claws for feet.))


   Skills:
 - Level 3.0 Fighting
 - Level 3.2 Dodging
 - Level 2.0 Stealth
 + Level 5.7 Unarmed Combat


You had 2 spell levels left.
You didn't know any spells.

Inventory:

Missiles
 e - 7 poisoned needles
Armour
 a - a +0 robe (melded)
 i - a +0 pair of gloves (melded)
Scrolls
 c - a scroll of enchant weapon {unknown}
 d - a scroll of remove curse {unknown}
 f - a scroll of identify {unknown}
 j - 3 scrolls of blinking {unknown}
Potions
 g - 2 potions of lignification {unknown}
 h - a potion of curing {unknown}
Comestibles
 b - 2 bread rations
 k - a meat ration

Dungeon Overview and Level Annotations

Branches:
Dungeon (2/15)

Altars:
Gozag

Annotations:
D:2 Sigmund


Message History

Sigmund hits you but does no damage. Sigmund hits you but does no damage.
You feel less confused.
Sigmund hits you from afar with a scythe.
Your transformation is almost over.
Sigmund hits you from afar with a scythe.
Sigmund hits you but does no damage.
Sigmund zaps a wand.
It is a wand of polymorph.
Sigmund hits you from afar with a scythe.
Sigmund hits you but does no damage.
Sigmund points at you and mumbles some strange words.
The magic dart hits you!
You feel less woody.
Your +0 pair of gloves unmelds from your body.
Your +0 robe unmelds from your body.
Sigmund zaps a wand.
You turn into a filthy swine.
Your +0 pair of gloves melds into your body.
Your +0 robe melds into your body.
Sigmund zaps a wand.
You hit Sigmund.
Sigmund is lightly wounded.
Sigmund closely misses you.
You bite Sigmund!
Sigmund is moderately wounded.
You closely miss Sigmund.
Sigmund is moderately wounded.
Sigmund barely misses you.
You closely miss Sigmund.
Sigmund is moderately wounded.
Sigmund barely misses you.
Sigmund zaps a wand.
You resist with significant effort.
There is an open door here.
Sigmund casts a spell at you. The puff of flame hits you!
You die...

#..#...#.......##..).....
#
#......#....#####........
# #.#....#....# #........
# #.#....#.%@.# #........
# #.#....+....# #........
# #.#....##'### #........
# #.#....<#...# #........
#########.#....##.#.#
#########
+.........#.#...h.#.#
..######### #.###.# #
..#.. #..##.#
.##.##########.##.#
###.#.........%...#
###.#.########.##.#
.%......# .......
........# ###.#.#...
............ ). # ..


You could see Sigmund.

Action                   || total
-------------------------++-------
Melee: Unarmed           ||   112
 Stab: Sleeping          ||     3
  Eat: Chunk             ||     2

Notes
Turn   | Place    | Note
--------------------------------------------------------------
     0 | D:1      | Duffy the Tengu Monk began the quest for the Orb.
     0 | D:1      | Reached XP level 1. HP: 14/14 MP: 2/2
   174 | D:1      | Reached XP level 2. HP: 12/19 MP: 3/3
   349 | D:1      | Reached skill level 5 in Unarmed Combat
   632 | D:1      | Reached XP level 3. HP: 16/23 MP: 4/4
  1347 | D:2      | Found an opulent altar of Gozag.
  1490 | D:2      | Noticed Sigmund
  1560 | D:2      | Killed from afar by Sigmund

Vault maps used:
D:1:      sevenhm_arrival_forest_fort_large_1
D:2:      nicolae_gozag_seed_capital, uniq_sigmund

Vanquished Creatures
  An ooze
  2 giant cockroaches
  6 goblins
  6 hobgoblins
  4 jackals
  5 kobolds
  A quokka
  A ball python
  6 bats
  2 giant newts
  4 rats
38 creatures vanquished.
